 Dungeon Crawl Stone Soup version 0.30-a0-40-gc6d0f036a7 (webtiles) character file.

Game seed: 18255478511514229349

183 ytrimaz the Insei (level 5, -7/49 HPs)
             Began as an Octopode Transmuter on Aug 29, 2022.
             Killed by divine providence
             ... invoked by an orc priest
              (11 damage)
             ... on level 4 of the Dungeon.
             The game lasted 00:02:10 (3608 turns).

ytrimaz the Insei (Octopode Transmuter)             Turns: 3608, Time: 00:02:11

Health: -7/49      AC: 22    Str:  8    XL:     5   Next: 62%
Magic:  4/9        EV:  2    Int: 17    God:
Gold:   205        SH:  5    Dex: 12    Spells: 3/9 levels left

rFire   . . .      SeeInvis .      - Unarmed
rCold   . . .      Faith    .    (no shield)
rNeg    . . .      Spirit   .    (helmet currently unavailable)
rPois   +          Reflect  +    b - amulet of reflection
rElec   .          Harm     .    (no ring)
rCorr   .          Rampage  .    (no ring)
Will    .....      NoTele   +    (no ring)
Stlth   +.........               (no ring)
HPRegen 0.16/turn                (no ring)
MPRegen 0.11/turn                (no ring)
                                 (no ring)
                                 (no ring)

@: tree-form, wereblooded
A: stationary, stasis, torment immunity, boosted hp, almost no armour,
(amphibious), 8 rings, (camouflage 1), (gelatinous body 1), (nimble swimmer 1),
(tentacles), (iridescent scales 1), (large bone plates 1), weak 1
a: no special abilities


You were on level 4 of the Dungeon.
You were a tree.
You visited 1 branch of the dungeon, and saw 4 of its levels.

You collected 205 gold pieces.

Inventory:

Jewellery
 b - an amulet of reflection (around neck)
 h - a ring of ice
Scrolls
 e - a scroll of amnesia
 k - a scroll of fear
Potions
 c - a potion of mutation
 d - a potion of might
 f - 2 potions of heal wounds
 g - 4 potions of curing {unknown}
 i - a potion of invisibility {unknown}
 j - a potion of ambrosia {unknown}
 l - a potion of berserk rage {unknown}


   Skills:
 - Level 1.0 Fighting
 - Level 2.0 Dodging
 - Level 4.1 Unarmed Combat
 + Level 2.8 Spellcasting
 + Level 2.9 Transmutations
 * Level 3.5 Poison Magic


You had 3 spell levels left.
You knew the following spells:

 Your Spells              Type           Power      Damage    Failure   Level
a - Beastly Appendage     Tmut           24%        N/A       5%          1
b - Wereblood             Tmut           12%        N/A       9%          2
c - Spider Form           Tmut/Pois      13%        N/A       14%         3

Your spell library contained the following spells:

 Spells                   Type           Power      Damage    Failure   Level
 Ice Form                 Ice/Tmut       7%         N/A       67%         4


Dungeon Overview and Level Annotations

Branches:
Dungeon (4/15)
 Temple: D:4-7

Altars:
Qazlal

Shops:
D:1 !!


Innate Abilities, Weirdness & Mutations

You are a tree.
Your roots penetrate the ground, keeping you stationary.
You cannot be teleported.
You are immune to unholy pain and torment.
Your maximum health is greatly increased.
You cannot wear most types of armour.
((You are amphibious.))
You can wear up to eight rings at the same time.
((Your skin changes colour to match your surroundings (Stealth+).))
((Your rubbery body absorbs attacks. (AC +1, EV +1)))
((You are camouflaged when in or above water. (Stealth+)))
((You have tentacles for arms and can constrict up to eight enemies at once.))
((You are partially covered in iridescent scales. (AC +2)))
((You are partially covered in large bone plates. (SH +4)))
You are weak. (Str -2)


Message History

You hit the adder.
The adder is heavily wounded.
The hobgoblin hits you but does no damage.
You block the adder's attack.
You hit the adder.
The adder is severely wounded.
The hobgoblin completely misses you. The orc barely misses you.
The adder bites you but does no damage.
Unknown command.
You hit the adder.
You feel a bit better.
You kill the adder!
An iguana comes into view.
The hobgoblin hits you but does no damage.
The orc hits you but does no damage.
The orc priest looks satisfied for a moment.
Unknown command.
You smack the hobgoblin!
You feel a bit better.
You kill the hobgoblin!
The orc priest invokes the aid of Beogh against you.
Beogh smites you!
* * * LOW HITPOINT WARNING * * *
The orc hits you with a +0 flail.
* * * LOW HITPOINT WARNING * * *
The orc hits you but does no damage.
You are too injured to fight recklessly!
You hit the orc.
The orc is moderately wounded.
The orc barely misses you. You block the orc's attack.
The orc hits you but does no damage. x2
The orc priest miscasts a cantrip.
The orc hits you with a +0 hand axe.
* * * LOW HITPOINT WARNING * * *
You barely miss the orc.
The orc is moderately wounded.
The orc hits you but does no damage. x2; You block the orc's attack.
The orc hits you with a +0 flail.
* * * LOW HITPOINT WARNING * * *
The orc priest invokes the aid of Beogh against you.
Beogh smites you!
You die...

..... ......# ..
.....##.....##...
........#........
.......<#. .....[
#........##....J
#..............#
#...<....# .
#.#...oo##....
##.#♣oJ.....
#..#oo......
#..##oo.?... ....
o...... .....
...o.## #.....
#..l... ##.#.
...... ......


You could see an iguana, a jelly, 2 orc priests and 7 orcs.

Vanquished Creatures
  An orc priest (D:3)
  An iguana (D:4)
  Robin (D:3)
  4 adders
  3 worms (D:2)
  A dart slug (D:1)
  2 orcs (D:3)
  4 endoplasms
  16 goblins
  11 hobgoblins
  2 quokkas (D:3)
  6 ball pythons
  5 bats
  4 frilled lizards (D:1)
  4 kobolds
  4 rats
69 creatures vanquished.

Vanquished Creatures (others)
  A hobgoblin (D:3)
  A goblin (D:3)
2 creatures vanquished.

Grand Total: 71 creatures vanquished

Notes
Turn   | Place    | Note
-------+----------+-------------------------------------------
     0 | D:1      | ytrimaz the Octopode Transmuter began the quest for the
                  | Orb.
     0 | D:1      | Reached XP level 1. HP: 13/13 MP: 3/3
   201 | D:1      | Found a faded altar of an unknown god.
   209 | D:1      | Reached XP level 2. HP: 18/18 MP: 3/5
   211 | D:1      | Found Wuef's Distillery.
   328 | D:1      | Found Adodu's Distillery.
  1120 | D:2      | Reached skill level 4 in Unarmed Combat
  1228 | D:2      | Reached XP level 3. HP: 23/23 MP: 4/6
  1238 | D:2      | Learned a level 2 spell: Wereblood
  1242 | D:2      | Learned a level 3 spell: Spider Form
  1869 | D:2      | Reached skill level 1 in Poison Magic
  2340 | D:3      | Reached XP level 4. HP: 12/28 MP: 1/7
  2651 | D:3      | Noticed Robin
  2660 | D:3      | Killed Robin
  2664 | D:3      | Reached XP level 5. HP: 20/33 MP: 5/8
  2781 | D:3      | Found a stormy altar of Qazlal.
  3114 | D:3      | Gained mutation: You are partially covered in large bone
                  | plates. (SH +4) [potion of mutation]
  3114 | D:3      | Gained mutation: You are partially covered in iridescent
                  | scales. (AC +2) [potion of mutation]
  3114 | D:3      | Gained mutation: You are weak. (Str -2) [potion of
                  | mutation]
  3608 | D:4      | Killed from afar by an orc priest

Illustrated notes

Levels and vault maps discovered:
D:1:      lemuel_arrival_broad_hall, layout_loops_ring, serial_shops, shop,
          nicolae_diamond_shop, ebering_ecumenical_altar_petrified
D:2:      layout_loops_cross, serial_bayou_crossing
D:3:      kennysheep_the_goblin_king, layout_loops_ring, grunt_qazlal_clouds,
          uniq_robin
D:4:      layout_cave_pools, fedhas_altar_3, nicolae_ru_the_path_less_chosen,
          uniq_natasha

Skill      XL: |  1  2  3  4  5 |
---------------+----------------+-----
Unarmed Combat | 4 |  4.1
Poison Magic   | 2 3 |  3.5
Fighting       | |  1.0
Dodging        | |  2.0
Spellcasting   | |  2.8
Transmutations | |  2.9

Action                   |  1- 3 |  4- 6 || total
-------------------------+-------+-------++-------
Melee: Unarmed           |    59 |    68 ||   127
       Constrict         |    13 |    13 ||    26
       Tentacles         |    13 |     5 ||    18
       Kick              |    10 |     1 ||    11
       Punch             |       |     1 ||     1
 Cast: Beastly Appendage |    18 |     3 ||    21
       Spider Form       |     1 |     3 ||     4
       Wereblood         |     1 |     1 ||     2
  Use: Scroll            |     6 |     2 ||     8
       Potion            |       |     2 ||     2
 Stab: Sleeping          |     6 |     2 ||     8
Armor: Skin              |     1 |    14 ||    15
Dodge: Dodged            |    31 |    32 ||    63
Block: Other             |     6 |    12 ||    18
       Reflection        |       |     1 ||     1

Table legend: (Time is in decaauts)
 A = Elapsed time spent in this place.
 B = Non-inter-level travel time spent in this place.
 C = Inter-level travel time spent in this place.
 D = Time resting spent in this place.
 E = Time spent auto-exploring this place.
 F = Levels seen in this place.
 G = Mean time per level.
                   A        B        C        D        E       F      G
               +--------+--------+--------+--------+--------+-----+--------+
         Total |   3597 |   3557 |     40 |    200 |   2924 |   4 |  899.2 |
       Dungeon |   3597 |   3557 |     40 |    200 |   2924 |   4 |  899.2 |
               +--------+--------+--------+--------+--------+-----+--------+

Top non-repeatable levels by time:
     D:3: 1263 daAuts
     D:2: 1221 daAuts
     D:1: 1100 daAuts
     D:4: 12 daAuts
